 Dungeon Crawl Stone Soup version 0.26-a0-812-g31a745ddcd (webtiles) character file.

Game seed: 10905334539763099456

6783 sanka the Covert (level 10, 0/51 HPs)
             Began as a Spriggan Enchanter on Dec 9, 2020.
             Was an Initiate of Ru.
             Killed by divine providence
             ... invoked by an orc priest
              (16 damage)
             ... on level 10 of the Dungeon.
             The game lasted 00:23:30 (13072 turns).

sanka the Covert (Spriggan Enchanter)              Turns: 13072, Time: 00:23:31

Health: 0/51       AC:  3    Str:  4    XL:     10   Next: 76%
Magic:  13/20      EV: 29    Int: 17    God:    Ru [......]
Gold:   556        SH:  0    Dex: 26    Spells: 5/21 levels left

rFire    . . .     SeeInvis +   b - +8 flail (protect)
rCold    + . .     Faith    .   (shield restricted)
rNeg     . . .     Spirit   .   D - +1 robe {rC+}
rPois    .         Reflect  .   (helmet restricted)
rElec    .         Harm     .   (no cloak)
rCorr    .         Rampage  .   (gloves unavailable)
MR       +....                  (boots unavailable)
Stlth    +++++++...             (no amulet)
HPRegen  0.17/turn              I - ring of stealth
MPRegen  0.17/turn              u - +6 ring of dexterity

@: very slightly contaminated, very quick
A: very small, unfitting armour, see invisible, speed 3
a: Renounce Religion


You were on level 10 of the Dungeon.
You worshipped Ru.
Ru was noncommittal.
You visited 2 branches of the dungeon, and saw 11 of its levels.

You collected 556 gold pieces.


Innate Abilities, Weirdness & Mutations

You are very small and have problems with some larger weapons.
You are too small for most types of armour.
You have supernaturally acute eyesight. (SInv)
You cover ground extremely quickly.


   Skills:
 + Level 4.4 Fighting
 + Level 9.1 Short Blades
 + Level 9.7 Dodging
 - Level 12.0 Stealth
 - Level 6.0 Spellcasting
 - Level 10.0 Hexes


You had 5 spell levels left.
You knew the following spells:

 Your Spells              Type           Power        Failure   Level
x - Tukima's Dance        Hex            #####...     1%          3
y - Dazzling Flash        Conj/Hex       ###...       4%          3
z - Ensorcelled Hibernat  Hex/Ice        ###...       2%          2
Q - Cause Fear            Hex            #####.....   1%          4
X - Confusing Touch       Hex            #####...     1%          3
Z - Corona                Hex            #####..      1%          1

Your spell library contained the following spells:

 Spells                   Type           Power        Failure   Level
 Slow                     Hex            #####...     1%          2
 Inner Flame              Hex/Fire       ###.....     4%          3
 Portal Projectile        Hex/Tloc       ###...       4%          3
 Leda's Liquefaction      Hex/Erth       ###.......   16%         4
 Gell's Gravitas          Tloc           #.........   36%         3
 Metabolic Englaciation   Hex/Ice        ###.......   41%         5
 Yara's Violent Unravell  Hex/Tmut       ###.......   41%         5
 Petrify                  Tmut/Erth      #.......     77%         4

Inventory:

Hand Weapons
 a - a +1 dagger
 b - a +8 flail of protection (weapon)
 n - a +0 short sword of protection
 F - a +1 whip of venom
Missiles
 l - 56 poisoned darts (quivered)
 E - 2 throwing nets {=f}
Armour
 D - a +1 robe of cold resistance (worn)
Jewellery
 u - a +6 ring of dexterity (right hand)
 H - the ring "Ebyrel" {Ice +Blink rN+ Int-5}

   [ring of ice]

   It enhances your ice magic.
   It affects your intelligence (-5).
   It makes you vulnerable to fire.
   It protects you from cold.
   It protects you from negative energy.
   It lets you blink.
 I - a ring of stealth (left hand)
Wands
 s - a wand of polymorph (3)
 t - a wand of paralysis (11)
 w - a wand of digging (3)
 G - a wand of enslavement (11)
Scrolls
 d - 4 scrolls of blinking
 e - 5 scrolls of enchant armour
 f - 4 scrolls of fog
 g - 4 scrolls of magic mapping
 j - 2 scrolls of immolation {!r}
 k - 3 scrolls of amnesia
 m - 7 scrolls of remove curse
 q - 3 scrolls of random uselessness
 r - 4 scrolls of teleportation {@r4}
 x - 2 scrolls of fear {unknown}
 y - a scroll of enchant weapon
Potions
 c - 4 potions of haste {@q3}
 h - a potion of ambrosia {unknown}
 i - a potion of experience {unknown}
 o - a potion of mutation {unknown}
 p - 5 potions of curing {unknown}
 v - a potion of heal wounds {unknown}
 z - 2 potions of resistance
 A - 2 potions of cancellation {unknown}
 B - 2 potions of invisibility {unknown}
 C - 2 potions of might {unknown}

Dungeon Overview and Level Annotations

Branches:
Dungeon (10/15)            Temple (1/1) D:4            Lair (0/6) D:8
    Orc: D:9-12

Altars:
Ashenzari
Cheibriados
Dithmenos
Elyvilon
Fedhas
Gozag
Hepliaklqana
Kikubaaqudgha
Makhleb
Nemelex Xobeh
Okawaru
Qazlal
Ru
Sif Muna
Trog
Uskayaw
Vehumet
Wu Jian
Xom
Yredelemnul
Zin
The Shining One

Shops:
D:10

= ▒..▒▒ ▒.....▒.......
▒...▒▒▒▒▒▒▒'▒▒.......
▒............†.......
▒........▒▒▒▒▒▒▒▒▒▒▒▒
▒........'..▒..▒..▒..
▒▒▒▒........▒..▒..▒..▒..
............▒▒▒.▒▒.▒▒.▒▒
.............▒.▒..▒..▒..
.......i.....▒▒▒..▒..▒..
..............▒▒▒▒▒▒▒.▒▒
▒▒..............▒▒▒▒.▒..
▒........S........▒▒▒†.
▒▒▒▒▒▒▒+▒▒o.........▒▒.
▒▒▒▒▒▒▒▒▒▒▒.o.........▒▒
..........▒))..........▒
..!...(▒..▒............▒
...o..)▒..▒.............


You could see an orc warrior, an orc priest and an adder.


Message History

You kill the orc!
The orc priest misses you. The orc warrior completely misses you.
The adder closely misses you.
Aim: an orc priest, wielding a +0 hand axe (chance to defeat MR: 51%)
The orc priest resists with some effort.
The adder misses you.
The orc priest begins to cast a cantrip, but forgets the words!
The orc warrior completely misses you.
Aiming: Ensorcelled Hibernation (safe; 2% risk of failure)
Aim: an orc priest, wielding a +0 hand axe (chance to defeat MR: 51%)
The orc priest resists with some effort.
The adder barely misses you. The orc priest completely misses you.
The orc warrior completely misses you.
Aiming: Ensorcelled Hibernation (safe; 2% risk of failure)
Aim: an orc priest, wielding a +0 hand axe (chance to defeat MR: 51%)
You miscast Ensorcelled Hibernation.
You are very lightly contaminated with residual magic.
Nothing appears to happen.
The adder barely misses you.
The orc warrior hits you with a +0 short sword!
* * * LOW HITPOINT WARNING * * *
The orc priest completely misses you. The adder bites you.
* * * LOW HITPOINT WARNING * * *
The orc warrior completely misses you.
The orc priest calls down the wrath of Beogh upon you.
Beogh smites you!
You die...

Action                   |  1- 3 |  4- 6 |  7- 9 | 10-12 || total
-------------------------+-------+-------+-------+-------++-------
Melee: Dagger            |   164 |   133 |   179 |    78 ||   554
       Unarmed           |       |     3 |       |       ||     3
       Flail             |       |       |    27 |    22 ||    49
 Cast: Corona            |    17 |       |       |       ||    17
       Ensorcelled Hiber |    20 |    30 |    89 |    56 ||   195
       Confusing Touch   |       |     2 |     8 |     5 ||    15
Invok: Reject Sacrifices |       |       |     1 |       ||     1
Evoke: Wand              |       |       |     2 |     2 ||     4
  Use: Potion            |       |     1 |       |       ||     1
       Scroll            |       |       |       |    10 ||    10
 Stab: Distracted        |     3 |       |     2 |       ||     5
       Sleeping          |    27 |    21 |    66 |    46 ||   160
       Confused          |       |     1 |     9 |     5 ||    15
Armor: Robe              |    23 |    14 |    12 |     4 ||    53
       Skin              |       |     1 |       |       ||     1
Dodge: Dodged            |   187 |   104 |   191 |   112 ||   594

Levels and vault maps discovered:
D:1:      kennysheep_arrival_seaside, layout_rooms, serial_aquarium,
          aquarium_bridge_long_separate [aquarium_subvault_balcony,
          aquarium_subvault_bridge, aquarium_subvault_balcony,
          aquarium_subvault_bridge, aquarium_subvault_wall,
          aquarium_subvault_balcony], aquarium_bridge_square
          [aquarium_subvault_bridge, aquarium_subvault_wall,
          aquarium_subvault_wall, aquarium_subvault_wall], aquarium_window_fake,
          aquarium_window_fake, aquarium_window_corridor_3, aquarium_view_2b,
          aquarium_pool_five, minmay_hexomino_u4
D:2:      layout_loops_corners, uniq_jessica
D:3:      layout_rooms, kiku_gazebo_pond_becter, minmay_increasing_density
D:4:      layout_basic, minmay_temple_entry_statues_pillars
D:5:      layout_gridville, uniq_edmund, uniq_pikel
D:6:      layout_layer_cave, chequers_hall_statues_y, kennysheep_small_circle,
          uniq_prince_ribbit1, uniq_sigmund
D:7:      layout_basic, uniq_joseph
D:8:      layout_basic, erik_lair_dragon, serial_glass, glass_columns_c,
          glass_columns_b, item_on_display_a, item_on_display_a,
          eino_small_chamber_without_monster, minmay_stone_trees_small,
          st_stairs_12, nicolae_ru_path_of_blood
D:9:      layout_basic, lemuel_altar_in_water
D:10:     minmay_s_stair_smasher, layout_irregular_city, erik_orc_1,
          basic_altar, serial_shops, shop_statue, shop_statue,
          grunt_ministairs_5, kennysheep_generic_room_8
Temple:   roderic_octagonal_lattice_temple

Notes
Turn   | Place    | Note
-------+----------+-------------------------------------------
     0 | D:1      | sanka the Spriggan Enchanter began the quest for the Orb.
     0 | D:1      | Reached XP level 1. HP: 9/9 MP: 5/5
   199 | D:1      | Reached skill level 5 in Stealth
   619 | D:1      | Reached XP level 2. HP: 13/13 MP: 6/6
   623 | D:1      | Learned a level 2 spell: Ensorcelled Hibernation
   692 | D:1      | Reached skill level 6 in Stealth
   930 | D:1      | Reached XP level 3. HP: 14/16 MP: 1/8
   994 | D:1      | Learned a level 3 spell: Confusing Touch
  1317 | D:1      | Reached skill level 7 in Stealth
  2596 | D:2      | Reached XP level 4. HP: 21/21 MP: 9/9
  2599 | D:2      | Noticed Jessica
  2606 | D:2      | Killed Jessica
  2606 | D:2      | Reached skill level 8 in Stealth
  2643 | D:2      | Reached skill level 2 in Short Blades
  2883 | D:3      | Reached XP level 5. HP: 21/24 MP: 7/10
  2967 | D:3      | Reached skill level 3 in Short Blades
  3306 | D:5      | Entered Level 5 of the Dungeon
  3572 | D:5      | Noticed a sky beast
  3603 | D:5      | Killed a sky beast
  3603 | D:5      | Reached skill level 4 in Short Blades
  3603 | D:5      | Reached XP level 6. HP: 28/28 MP: 3/11
  3773 | D:5      | Noticed Pikel
  3868 | D:5      | Reached skill level 5 in Short Blades
  3868 | D:5      | Reached skill level 3 in Spellcasting
  3944 | D:5      | Reached skill level 4 in Hexes
  4115 | D:5      | Noticed Edmund
  4415 | D:5      | Killed Pikel
  4415 | D:5      | Reached skill level 4 in Spellcasting
  4415 | D:5      | Reached skill level 7 in Hexes
  4415 | D:5      | Reached XP level 7. HP: 27/32 MP: 1/14
  4770 | D:5      | Noticed Edmund
  4770 | D:5      | Edmund changed into Edmund the worm
  4789 | D:5      | Killed Edmund the worm
  5159 | D:4      | Found a staircase to the Ecumenical Temple.
  5170 | Temple   | Entered the Ecumenical Temple
  5447 | Temple   | Became a worshipper of Ru the Awakened
  5534 | D:4      | Reached skill level 8 in Hexes
  5856 | D:4      | Reached skill level 4 in Dodging
  6100 | D:4      | Reached XP level 8. HP: 36/36 MP: 15/15
  6702 | D:3      | Found an ancient bone altar of Kikubaaqudgha.
  6829 | D:6      | Noticed Sigmund
  6835 | D:6      | Killed Sigmund
  6835 | D:6      | Reached skill level 1 in Fighting
  6835 | D:6      | Reached skill level 5 in Dodging
  7157 | D:6      | Reached skill level 2 in Fighting
  7157 | D:6      | Reached skill level 6 in Dodging
  7424 | D:6      | Reached skill level 7 in Dodging
  7544 | D:6      | Reached skill level 3 in Fighting
  7688 | D:6      | Found a shadowy altar of Dithmenos.
  7704 | D:6      | Reached skill level 8 in Dodging
  7884 | D:6      | Noticed Prince Ribbit
  7891 | D:6      | Killed Prince Ribbit
  7891 | D:6      | Reached skill level 9 in Stealth
  8643 | D:7      | Reached skill level 10 in Stealth
  8643 | D:7      | Reached XP level 9. HP: 42/44 MP: 12/16
  9192 | D:7      | Reached skill level 11 in Stealth
  9464 | D:7      | Noticed Joseph
  9479 | D:7      | Killed Joseph
  9479 | D:7      | Reached skill level 12 in Stealth
  9479 | D:7      | Reached skill level 6 in Short Blades
  9826 | D:8      | Noticed a two-headed ogre
  9840 | D:8      | Killed a two-headed ogre
  9840 | D:8      | Reached skill level 8 in Short Blades
 10081 | D:8      | Reached skill level 9 in Hexes
 10176 | D:8      | Learned a level 4 spell: Cause Fear
 10180 | D:8      | Learned a level 3 spell: Dazzling Flash
 10184 | D:8      | Learned a level 3 spell: Tukima's Dance
 10301 | D:8      | Noticed a two-headed ogre
 10325 | D:8      | Killed a two-headed ogre
 10325 | D:8      | Reached skill level 10 in Hexes
 10325 | D:8      | Reached XP level 10. HP: 49/49 MP: 14/17
 10452 | D:8      | Found a sacrificial altar of Ru.
 10792 | D:8      | Found a staircase to the Lair.
 10971 | D:8      | Got a twitching bronze ring
 10972 | D:8      | Identified the ring "Ebyrel" {Ice +Blink rN+ Int-5} (You
                  | found it on level 8 of the Dungeon)
 11362 | D:9      | Found a shimmering altar of Xom.
 11503 | D:9      | Reached skill level 5 in Spellcasting
 12093 | D:10     | Entered Level 10 of the Dungeon
 12148 | D:10     | Reached skill level 9 in Dodging
 12507 | D:10     | Found Wuf Kech's Jewellery Shop.
 12516 | D:10     | Reached skill level 4 in Fighting
 12571 | D:10     | Found Huusyom's Book Emporium.
 12802 | D:10     | Reached skill level 9 in Short Blades
 12950 | D:10     | Reached skill level 6 in Spellcasting
 13072 | D:10     | Killed from afar by an orc priest

Vanquished Creatures
  2 two-headed ogres (D:8)
  Pikel (D:5)
  Joseph (D:7)
  2 komodo dragons (D:8)
  A troll (D:10)
  Prince Ribbit (D:6)
  Sigmund (D:6)
  A basilisk (D:8)
  A wyvern (D:8)
  A yak (D:10)
  A swamp drake (D:8)
  A sky beast (D:5)
  2 black bears
  4 ice beasts
  4 ogres
  3 centaurs
  3 lemures (D:5)
  A big kobold (D:10)
  3 bullfrogs
  2 scorpions
  3 jellies
  4 killer bees (D:10)
  4 wights (D:7)
  A howler monkey (D:10)
  A bullfrog zombie (D:7)
  3 orc priests
  8 hounds
  Jessica (D:2)
  A bullfrog skeleton (D:5)
  A centaur skeleton (D:10)
  2 iguanas
  5 orc wizards
  3 worker ants
  A hound zombie (D:5)
  A hound skeleton (D:8)
  A worker ant zombie (D:6)
  11 adders
  7 gnolls
  2 shadow imps
  3 white imps
  An ufetubus (D:9)
  5 oozes
  An adder skeleton (D:5)
  An adder zombie (D:10)
  2 worms
  2 dart slugs
  2 leopard geckos
  28 orcs
  3 ball pythons
  5 giant cockroaches
  9 hobgoblins
  20 jackals
  3 quokkas
  11 bats
  6 frilled lizards
  9 goblins
  14 kobolds
  2 quokka skeletons
  11 rats
234 creatures vanquished.

Vanquished Creatures (others)
  A plant (D:1)
1 creature vanquished.

Grand Total: 235 creatures vanquished
